 Dungeon Crawl Stone Soup version 0.29-a0-841-g116ddc6ace (webtiles) character file.

Game seed: 234386918212808327

12932 IdlyInterested the Basher (level 11, 0/86 HPs)
             Began as a Demonspawn Gladiator on July 14, 2022.
             Succumbed to a cane toad's poison
             ... on level 1 of the Lair of Beasts.
             The game lasted 00:49:47 (14926 turns).

IdlyInterested the Basher (Demonspawn Gladiator)   Turns: 14926, Time: 00:49:48

Health: 0/86       AC: 16    Str: 25    XL:     11   Next: 68%
Magic:  12/12      EV: 12    Int: 11    God:
Gold:   20         SH: 10    Dex: 16    Spells: 12/12 levels left

rFire   . . .      SeeInvis .   s - +4 flail
rCold   . . .      Faith    .   (no shield)
rNeg    . . .      Spirit   .   K - +0 acid dragon scales
rPois   .          Reflect  .   c - +0 helmet
rElec   .          Harm     .   h - +2 cloak
rCorr   +          Rampage  .   (gloves unavailable)
Will    .....                   E - +0 pair of boots
Stlth   +.........              (no amulet)
HPRegen 0.24/turn               M - ring "Vewkam" {AC+4 Str+3}
MPRegen 0.13/turn               r - +6 ring of strength

@: lethally poisoned (0 -> -16), studying 2 skills
A: large bone plates 2, condensation shield, demonic touch 3
a: no special abilities


You were on level 1 of the Lair of Beasts.
You visited 3 branches of the dungeon, and saw 13 of its levels.

You collected 706 gold pieces.
You spent 686 gold pieces at shops.

Inventory:

Hand Weapons
 s - a +4 flail (weapon)
 v - the +5 falchion "Fielut" {pain, rPois Str+3 SInv}
   (You found it on level 4 of the Dungeon)

   In the hands of one skilled in necromantic magic, it inflicts extra damage on
   living creatures.
   Str:       It affects your strength (+3).
   rPois:     It protects you from poison.
   SInv:      It lets you see invisible.
Missiles
 d - 4 throwing nets
 e - a javelin
 B - 6 boomerangs (quivered)
 D - 13 poisoned darts
 N - 6 atropa-tipped darts
Armour
 c - a +0 helmet (worn)
 f - a +2 ring mail of positive energy
 h - a +2 cloak (worn)
 u - a +2 ring mail of cold resistance
 E - a +0 pair of boots (worn)
 G - the +0 leather armour of Inaction {rF+ Str+6 Int+2}
   (You found it on level 8 of the Dungeon)

   Str:       It affects your strength (+6).
   Int:       It affects your intelligence (+2).
   rF:        It protects you from fire.
 K - +0 acid dragon scales (worn)
Magical Staves
 C - a staff of cold
Jewellery
 k - a ring of willpower
 r - a +6 ring of strength (right hand)
 t - a ring of poison resistance
 w - a ring of willpower
 H - a ring of protection from cold
 I - a ring of flight
 L - a ring of protection from fire
 M - the ring "Vewkam" (left hand) {AC+4 Str+3}
   (You bought it in a shop on level 9 of the Dungeon)

   [ring of protection]

   AC:        It affects your AC (+4).
   Str:       It affects your strength (+3).
Wands
 a - a wand of paralysis (4)
 i - a wand of quicksilver (1)
 z - a wand of digging (3)
 A - a wand of polymorph (9)
 J - a wand of mindburst (5)
Scrolls
 q - 6 scrolls of teleportation
 y - 2 scrolls of blinking
 F - 3 scrolls of enchant weapon
 O - a scroll of acquirement {unknown}
Potions
 b - 4 potions of brilliance
 j - 2 potions of curing
 l - a potion of magic
 m - 4 potions of flight
 n - 2 potions of heal wounds
 o - a potion of ambrosia
 p - a potion of cancellation
 x - 2 potions of berserk rage
Miscellaneous
 g - a phantom mirror (inert)


   Skills:
 - Level 8.0 Fighting
 - Level 3.0 Long Blades
 * Level 13.2 Maces & Flails
 - Level 1.7 Throwing
 - Level 3.0 Armour
 - Level 3.0 Dodging
 - Level 1.0 Stealth
 + Level 7.1 Unarmed Combat
 - Level 1.0 Spellcasting
 - Level 1.0 Necromancy
 - Level 1.0 Ice Magic
 - Level 3.0 Evocations


You had 12 spell levels left.
You didn't know any spells.
Your spell library contained the following spells:

 Spells                   Type           Power      Damage    Failure   Level
 Apportation              Tloc           0%         N/A       36%         1
 Foxfire                  Conj/Fire      0%         2x1d4     36%         1
 Poisonous Vapours        Pois/Air       0%         N/A       52%         2
 Ozocubu's Armour         Ice            2%         N/A       61%         3
 Conjure Flame            Conj/Fire      0%         6-21      75%         3
 Inner Flame              Hex/Fire       0%         N/A       75%         3
 Hailstorm                Conj/Ice       1%         3d3       97%         4
 Ice Form                 Ice/Tmut       1%         N/A       97%         4
 Corpse Rot               Necr/Pois/Air  1%         N/A       98%         4
 Flame Wave               Conj/Fire      0%         2d4       98%         4
 Alistair's Intoxication  Tmut/Pois      0%         N/A       100%        5
 Freezing Cloud           Conj/Ice/Air   0%         6-21      100%        5
 Metabolic Englaciation   Hex/Ice        0%         N/A       100%        5
 Summon Forest            Summ/Tloc      0%         N/A       100%        5
 Eringya's Noxious Bog    Tmut/Pois      0%         N/A       100%        6
 Simulacrum               Ice/Necr       1%         N/A       100%        6
 Summon Hydra             Summ           0%         N/A       100%        7
 Polar Vortex             Ice            1%         N/A       100%        9


Dungeon Overview and Level Annotations

Branches:
Dungeon (11/15)            Temple (1/1) D:5            Lair (1/6) D:11
    Orc (0/2) D:9

Altars:
Ashenzari
Cheibriados
Dithmenos
Fedhas
Gozag
Hepliaklqana
Kikubaaqudgha
Makhleb
Nemelex Xobeh
Okawaru
Qazlal
Ru
Sif Muna
Trog
Uskayaw
Vehumet
Wu Jian
Xom
Yredelemnul

Shops:
D:3 (   D:9 **

Portals:
Trove: D:11 (give 13 potions of heal wounds)


Innate Abilities, Weirdness & Mutations

You are mostly covered in large bone plates. (SH +6)
A meltable shield of frost defends you. (SH +4)
Your touch may irresistibly damage your foes and sap their willpower.


Message History

Aim: a cane toad (68% to hit)
You throw a boomerang.
The boomerang closely misses the cane toad.
Throw: 7 boomerangs
Press: ? - help, Q - select action, (/) - cycle Shift-Dir - straight line, f/p - cane toad
Aim: a cane toad (68% to hit)
You throw a boomerang.
The boomerang hits the cane toad but does no damage.
Throw: 7 boomerangs
Press: ? - help, Q - select action, (/) - cycle Shift-Dir - straight line, f/p - cane toad
Aim: a cane toad (68% to hit)
You throw a boomerang.
The boomerang closely misses the cane toad.
You thump the cane toad!
The cane toad is moderately wounded.
You hit the cane toad. Your punch misses the cane toad.
The cane toad is heavily wounded.
You block the cane toad's attack.
You barely miss the cane toad.
The cane toad is heavily wounded.
The cane toad closely misses you.
You hit the cane toad.
The cane toad is heavily wounded.
The cane toad stings you!
* * * LOW HITPOINT WARNING * * *
You thump the cane toad!
The cane toad is severely wounded.
The cane toad stings you!
* * * LOW HITPOINT WARNING * * *
You are lethally poisoned!
The cane toad poisons you!
You barely miss the cane toad.
The cane toad is severely wounded.
* * * LOW HITPOINT WARNING * * *
You feel very sick. The cane toad closely misses you.
The yak bellows!
You sock the cane toad! Your touch misses the cane toad.
The cane toad is almost dead.
You die...

≈≈≈≈≈≈≈≈≈≈≈≈≈≈≈
≈≈Y≈≈≈≈≈≈≈≈≈≈≈≈
≈≈♣≈≈≈≈≈≈≈≈≈≈≈≈
≈≈≈≈≈≈≈≈≈≈≈≈≈♣≈
♣P≈≈†≈≈≈≈≈≈≈P
≈♣♣♣≈P≈♣≈≈≈≈≈≈≈≈
..P≈≈♣≈♣≈♣♣♣♣♣P♣
#...≈≈♣†♣
#.....#@#
#.....F.#
#.<...##....+
#.....# ...##
..........# ...#
....#.....# ...#
.....Y.....#
.###
.....#.....# ##
.....+......


You could see a yak and a cane toad.

Vanquished Creatures
  A vault guard (D:11)
  A hydra (D:7)
  A two-headed ogre (D:11)
  Joseph (D:10)
  The ghost of IdlyInterested the Covered, a novice DsGl (D:5)
  Psyche (D:9)
  4 kobold demonologists
  A komodo dragon (D:11)
  A troll (D:5)
  Prince Ribbit (D:8)
  A hornet (D:10)
  3 slime creatures (D:9)
  9 yaks
  A wyvern (D:11)
  A steam dragon (D:7)
  4 vampire mosquitoes (D:10)
  A warg (D:9)
  5 acid dragons
  A hornet zombie (D:6)
  A black bear (D:6)
  3 ice beasts
  An orc warrior (D:9)
  2 water moccasins
  A sky beast (D:5)
  An ogre (D:4)
  11 centaurs
  3 phantoms
  3 kobold brigands
  A wyvern zombie (D:6)
  2 gnoll sergeants
  4 scorpions
  3 necrophages
  A water moccasin zombie (D:6)
  3 wights (D:8)
  9 killer bees
  2 howler monkeys
  2 electric eels (Lair:1)
  2 centaur zombies (D:6)
  3 bullfrog zombies (D:6)
  7 hounds
  2 gnoll boudas
  3 jellies
  5 orc priests
  2 bullfrog skeletons (D:6)
  4 iguanas
  Terence (D:3)
  6 orc wizards
  3 killer bee zombies (D:6)
  2 howler monkey zombies (D:6)
  26 gnolls
  5 adders
  An ufetubus (D:7)
  A worm (D:4)
  4 dart slugs
  40 orcs
  10 ball pythons
  6 endoplasms
  A giant cockroach (D:3)
  5 goblins
  6 hobgoblins
  8 jackals
  2 quokkas
  A bat (D:2)
  3 frilled lizards (D:2)
  15 kobolds
  4 rats
270 creatures vanquished.

Vanquished Creatures (others)
  A kobold (D:9)
  A fungus (Lair:1)
  3 plants (Lair:1)
5 creatures vanquished.

Grand Total: 275 creatures vanquished

Notes
Turn   | Place    | Note
-------+----------+-------------------------------------------
     0 | D:1      | IdlyInterested the Demonspawn Gladiator began the quest for
                  | the Orb.
     0 | D:1      | Reached XP level 1. HP: 16/16 MP: 1/1
   201 | D:1      | Reached skill level 3 in Maces & Flails
   201 | D:1      | Reached skill level 1 in Evocations
   201 | D:1      | Gained mutation: Your touch may inflict minor irresistible
                  | damage on your foes. [demonic ancestry]
   201 | D:1      | Reached XP level 2. HP: 8/22 MP: 2/2
   823 | D:1      | Found a faded altar of an unknown god.
  1293 | D:2      | Gained mutation: Your touch may inflict irresistible damage
                  | on your foes. [demonic ancestry]
  1293 | D:2      | Reached XP level 3. HP: 23/28 MP: 2/4
  1425 | D:2      | Reached skill level 1 in Spellcasting
  1812 | D:3      | Reached XP level 4. HP: 34/34 MP: 5/5
  1910 | D:3      | Reached skill level 1 in Stealth
  2193 | D:3      | Found Zumof's Weapon Boutique.
  2304 | D:3      | Gained mutation: You are partially covered in large bone
                  | plates. (SH +4) [demonic ancestry]
  2304 | D:3      | Reached XP level 5. HP: 9/41 MP: 6/6
  2308 | D:3      | Reached skill level 4 in Maces & Flails
  2308 | D:3      | Reached skill level 1 in Armour
  2692 | D:3      | Noticed a phantom
  2698 | D:3      | Killed a phantom
  2699 | D:3      | Reached skill level 1 in Unarmed Combat
  2758 | D:3      | Noticed Terence
  2766 | D:3      | Killed Terence
  2767 | D:3      | Reached XP level 6. HP: 13/47 MP: 7/7
  3990 | D:4      | Identified the +5 falchion "Fielut" {pain, rPois Str+3
                  | SInv}
  4201 | D:5      | Entered Level 5 of the Dungeon
  4237 | D:5      | Reached skill level 5 in Maces & Flails
  4239 | D:5      | Noticed a water moccasin
  4245 | D:5      | Killed a water moccasin
  4246 | D:5      | Reached skill level 1 in Long Blades
  4246 | D:5      | Reached XP level 7. HP: 18/54 MP: 8/8
  4655 | D:5      | Found a runed translucent gate.
  4656 | D:5      | Found a runed translucent gate.
  4656 | D:5      | Identified the +7 dagger "Nesm" {holy, rC+}
  4656 | D:5      | Identified the +1 ring mail of Mawahy {Will- Str+4 Stlth+}
  4657 | D:5      | Found a runed translucent gate.
  4915 | D:5      | Reached skill level 6 in Maces & Flails
  4919 | D:5      | Noticed IdlyInterested's ghost (novice DsGl)
  4957 | D:5      | Found a bloodstained altar of Trog.
  4963 | D:5      | Found a stormy altar of Qazlal.
  5020 | D:5      | Gained mutation: Your touch may irresistibly damage your
                  | foes and sap their willpower. [demonic ancestry]
  5020 | D:5      | Reached XP level 8. HP: 59/60 MP: 9/9
  5064 | D:5      | Noticed a troll
  5075 | D:5      | Killed a troll
  5078 | D:5      | Reached skill level 5 in Fighting
  5472 | D:5      | Found a staircase to the Ecumenical Temple.
  5524 | Temple   | Entered the Ecumenical Temple
  6293 | D:5      | Reached skill level 7 in Maces & Flails
  6307 | D:5      | Killed IdlyInterested's ghost
  6480 | D:6      | Reached skill level 5 in Unarmed Combat
  6480 | D:6      | Gained mutation: A meltable shield of frost defends you.
                  | (SH +4) [demonic ancestry]
  6480 | D:6      | Reached XP level 9. HP: 65/69 MP: 10/10
  6905 | D:6      | Reached skill level 8 in Maces & Flails
  7493 | D:6      | Found a sparkling altar of Nemelex Xobeh.
  7855 | D:7      | Noticed a six-headed hydra
  7991 | D:7      | Reached skill level 9 in Maces & Flails
  7998 | D:7      | Reached skill level 1 in Necromancy
  8347 | D:7      | Killed a six-headed hydra
  8348 | D:7      | Reached skill level 1 in Ice Magic
  8348 | D:7      | Gained mutation: You are mostly covered in large bone
                  | plates. (SH +6) [demonic ancestry]
  8348 | D:7      | Reached XP level 10. HP: 7/76 MP: 11/11
  8880 | D:8      | Noticed Prince Ribbit
  8898 | D:8      | Killed Prince Ribbit
  8899 | D:8      | Reached skill level 10 in Maces & Flails
  9612 | D:8      | Identified the +0 leather armour of Inaction {rF+ Str+6
                  | Int+2}
 10094 | D:9      | Noticed Psyche
 10103 | D:9      | Noticed an orange demon
 10124 | D:9      | Killed Psyche
 10431 | D:9      | Found Hyvaozoq's General Store.
 10441 | D:9      | Reached skill level 11 in Maces & Flails
 10755 | D:9      | You fall into a shaft and drop 1 floor!
 10755 | D:10     | Entered Level 10 of the Dungeon
 10782 | D:9      | Found Xiren's General Store.
 10880 | D:9      | Reached XP level 11. HP: 22/84 MP: 12/12
 11315 | D:9      | Found a staircase to the Orcish Mines.
 11637 | D:9      | Bought the ring "Vewkam" {AC+4 Str+3} for 591 gold pieces
 11678 | D:9      | Bought a scroll of identify for 20 gold pieces
 12010 | D:10     | Noticed Joseph
 12025 | D:10     | Killed Joseph
 12026 | D:10     | Reached skill level 12 in Maces & Flails
 13061 | D:11     | Noticed a two-headed ogre
 13071 | D:11     | Killed a two-headed ogre
 13167 | D:11     | Found a staircase to the Lair.
 14056 | D:11     | Identified the +0 robe of Udicsaw {Rampage rF- Dex+2}
 14536 | D:11     | Noticed a vault guard
 14555 | D:11     | Killed a vault guard
 14556 | D:11     | Reached skill level 13 in Maces & Flails
 14559 | D:11     | Found a portal to a secret trove of treasure.
 14731 | D:9      | Bought a scroll of enchant weapon for 75 gold pieces
 14791 | Lair:1   | Entered Level 1 of the Lair of Beasts
 14925 | Lair:1   | HP: 3/86 [poisoned by a cane toad]
 14926 | Lair:1   | Succumbed to a cane toad's poison

Illustrated notes

Levels and vault maps discovered:
D:1:      dpeg_arrival_simpleton_b, layout_basic,
          hellmonk_ecumenical_altar_slurped_away
D:2:      layout_rooms
D:3:      minmay_recursive_quarters, layout_basic, serial_shops,
          nicolae_shop_bloodbath_and_beyond, uniq_terence
D:4:      layout_rooms
D:5:      layout_basic, jmf_multi_god_temple, minmay_temple_entry_offerings,
          biasface_ghost_orc_armoury, minivault_26, roderic_lattice_a,
          minmay_manual_monstrance
D:6:      layout_rooms, mainiacjoe_overflow_alcove_2, serial_undead,
          serial_undead_a, serial_undead_a, serial_undead_a, serial_undead_d,
          grunt_ministairs_3
D:7:      layout_cave_pools, serial_glass, glass_columns_a, glass_columns_c,
          minivault_25
D:8:      layout_basic, mainiacjoe_overflow_tiny_flanked,
          minmay_misc_feat_doors, uniq_prince_ribbit1
D:9:      layout_basic, david_orc_3, serial_shops, nicolae_diamond_shop, shop,
          uniq_psyche
D:10:     layout_layer_cave, dreamdust_mushroom_princess, uniq_joseph
D:11:     layout_layer_cave, lair_entry_dummy, enter_trove_5
Temple:   eino_narrow_crystal_temple
Lair:1:   layout_regular_city, basic_altar, gammafunk_ghost_ooze,
          serial_bayou_lake_a, uniq_sonja

Skill      XL: |  1  2  3  4  5  6  7  8  9 10 11 |
---------------+----------------------------------+-----
Maces & Flails | 3 4 5 6 7 9 11 13 | 13.2
Evocations     | 1 2 3 |  3.0
Spellcasting   | 1 |  1.0
Fighting       | 3 4 5 6 7 8 |  8.0
Stealth        | 1 |  1.0
Armour         | 1 2 3 |  3.0
Unarmed Combat | 1 3 4 5 6 7 |  7.1
Long Blades    | 1 2 3 |  3.0
Dodging        | 3 |  3.0
Necromancy     | 1 |  1.0
Ice Magic      | 1 |  1.0
Throwing       | |  1.7

Action                   |  1- 3 |  4- 6 |  7- 9 | 10-12 || total
-------------------------+-------+-------+-------+-------++-------
Melee: Flail             |    63 |   103 |   233 |   363 ||   762
       Touch             |    11 |    20 |    52 |    72 ||   155
       Falchion          |       |     6 |    19 |       ||    25
       Punch             |       |       |     9 |    17 ||    26
Throw: Throwing net      |       |     1 |     1 |     1 ||     3
       Boomerang         |       |       |     3 |     9 ||    12
       Dart              |       |       |     3 |       ||     3
Evoke: Wand              |       |       |     4 |     7 ||    11
       Phantom mirror    |       |       |       |     1 ||     1
  Use: Scroll            |     6 |     3 |     5 |     6 ||    20
       Potion            |       |     4 |     5 |     3 ||    12
 Stab: Held in net/web   |       |     1 |       |     1 ||     2
       Invisible         |       |       |     2 |       ||     2
       Sleeping          |       |       |     2 |       ||     2
       Distracted        |       |       |     1 |       ||     1
Armor: Scale mail        |     4 |       |       |       ||     4
       Chain mail        |    32 |    36 |       |       ||    68
       Plate armour      |       |    29 |    62 |    62 ||   153
       Ring mail         |       |       |    61 |    73 ||   134
       Acid dragon scale |       |       |       |    15 ||    15
Dodge: Dodged            |    23 |    34 |   133 |   135 ||   325
Block: Other             |       |    14 |    92 |   180 ||   286

Table legend: (Time is in decaauts)
 A = Elapsed time spent in this place.
 B = Non-inter-level travel time spent in this place.
 C = Inter-level travel time spent in this place.
 D = Time resting spent in this place.
 E = Time spent auto-exploring this place.
 F = Levels seen in this place.
 G = Mean time per level.
                   A        B        C        D        E       F      G
               +--------+--------+--------+--------+--------+-----+--------+
         Total |  14892 |  13479 |   1413 |   4651 |   6332 |  13 | 1145.5 |
       Dungeon |  14576 |  13176 |   1400 |   4580 |   6170 |  11 | 1325.1 |
        Temple |    186 |    173 |     13 |      0 |    162 |   1 |  186.0 |
          Lair |    129 |    129 |      0 |     71 |      0 |   1 |  129.0 |
               +--------+--------+--------+--------+--------+-----+--------+

Top non-repeatable levels by time:
     D:5: 1953 daAuts
     D:3: 1678 daAuts
     D:9: 1673 daAuts
    D:10: 1569 daAuts
    D:11: 1365 daAuts
     D:1: 1184 daAuts
     D:8: 1169 daAuts
     D:7: 1160 daAuts
     D:6: 1159 daAuts
     D:4: 1025 daAuts
     D:2: 636 daAuts
  Temple: 186 daAuts
  Lair:1: 129 daAuts
